 Dungeon Sprint DCSS version 0.31-a0-854-g362426d53f (webtiles) character file.

Game seed: 17755223825755733503

294 rocky1 the Geomancer (level 7, -3/54 HPs)
             Began as a Formicid Earth Elementalist on Oct 9, 2023.
             Was an Initiate of Gozag.
             Slain by a six-headed hydra (13 damage)
             ... summoned by a witch
             ... in the Dungeon (Sprint VI: "Thunderdome").
             The game lasted 00:06:47 (714 turns).

rocky1 the Geomancer (Formicid Earth Elementalist)   Turns: 714, Time: 00:06:48

Health: -3/54      AC:  2    Str: 12    XL:     7   Next: 51%
Magic:  15/19      EV: 13    Int: 17    God:    Gozag
Gold:   991        SH:  0    Dex: 14    Spells: 22/23 levels left

rFire   . . .        k - staff of earth
rCold   . . .        (no shield)
rNeg    . . .        a - +0 robe
rPois   .            (helmet unavailable)
rElec   .            (no cloak)
rCorr   .            (no gloves)
SInv    +            (no boots)
Will    .....        (no amulet)
Stlth   ++           (no ring)
HPRegen 0.29/turn    (no ring)
MPRegen 0.16/turn

%: no passive effects
@: no status effects
A: permanent stasis, dig shafts and tunnels, antennae 3, four strong arms
a: Dig, Renounce Religion, Potion Petition, Call Merchant, Bribe Branch


You were in the Dungeon.
You worshipped Gozag.
Gozag was pleased with you.
You visited 1 branch You collected 1831 gold pieces.
You spent 840 gold pieces at shops.

Inventory:

Armour
 a - a +0 robe (worn)
Magical Staves
 k - a staff of earth (weapon)
Wands
 f - a wand of quicksilver (5)
 g - a wand of iceblast (3)
Scrolls
 i - 3 scrolls of fog
 j - 2 scrolls of blinking
Potions
 b - 3 potions of magic
 c - 3 potions of curing
 d - 3 potions of heal wounds
 e - a potion of resistance
 h - 3 potions of haste {unknown}


   Skills:
 * Level 4.2 Fighting
 * Level 2.9 Staves
 + Level 3.8 Dodging
 - Level 2.4 Stealth
 + Level 8.6 Spellcasting
 + Level 2.0 Transmutations
 + Level 13.0 Earth Magic
 - Level 2.0 Evocations


You had 22 spell levels left.
You knew the following spells:

 Your Spells              Type           Power      Damage    Failure   Level
a - Sandblast             Erth           100%       2d20      1%          1

Your spell library contained the following spells:

 Spells                   Type           Power      Damage    Failure   Level
 Passwall                 Tmut/Erth      40%        N/A       1%          2
 Stone Arrow              Conj/Erth      88%        3d12      1%          3
 Petrify                  Tmut/Erth      49%        N/A       4%          4
 Brom's Barrelling Bould  Conj/Erth      44%        2d6       7%          4


Dungeon Overview and Level Annotations

Branches:
Dungeon (1/1)

Altars:
Cheibriados
Dithmenos
Fedhas
Gozag
Kikubaaqudgha
Makhleb
Okawaru
Qazlal
Ru
Sif Muna
Trog
Uskayaw
Vehumet
Wu Jian
Xom
Yredelemnul
Zin
The Shining One
Lugonu

Shops:
D *[=??*?*:[((!!!!


Innate Abilities, Weirdness & Mutations

You cannot be hasted, slowed, berserked, paralysed or teleported.
You can dig through walls and to a lower floor.
You have a pair of large antennae on your head. (SInv)
Your four strong arms can wield two-handed weapons with a shield.


Message History

The six-headed hydra attacks as it pursues you!
The six-headed hydra bites you!
The six-headed hydra completely misses you.
The six-headed hydra bites you. The six-headed hydra barely misses you.
The six-headed hydra bites you!
The six-headed hydra bites you but does no damage.
The witch gestures at you while chanting.
The ball explodes into a vile cloud!
The stinking cloud engulfs the six-headed hydra but does no damage.
The stinking cloud engulfs you but does no damage.
The stinking cloud engulfs the witch but does no damage.
You feel less confused.
The witch is engulfed in noxious fumes.
The witch appears confused.
The witch barely misses itself.
Unknown command.
Okay, then.
Your stasis prevents you from teleporting.
Unknown command.
You feel much better.
The six-headed hydra bites you but does no damage.
The six-headed hydra bites you. x2; The six-headed hydra bites you!
The six-headed hydra misses you. The six-headed hydra barely misses you.
The witch is engulfed in noxious fumes.
The six-headed hydra bites you.
The six-headed hydra closely misses you.
The six-headed hydra bites you but does no damage.
The six-headed hydra bites you. The six-headed hydra bites you!
* * * LOW HITPOINT WARNING * * *
The six-headed hydra bites you.
* * * LOW HITPOINT WARNING * * *
The witch is engulfed in noxious fumes.
Unknown command.
Aiming: Sandblast (safe; 1% risk of failure)
Press: ? - help, Q - select action, (/) - cycle Shift-Dir - straight line, f/p - witch
Aim: a witch, wielding a +0 dagger and wearing a +0 robe (noxious fumes, severely wounded, confused, 93% to hit)
You feel a surge of power!
The blast of sand hits the witch!!
The witch is almost dead.
The six-headed hydra barely misses you. The six-headed hydra bites you!
You die...
Your body crumbles into a pile of gold.

##### ##⌠⌠⌠## #.....#
##..@..## ##∩.Dp..∩##
#∩..°....∩# #_.°....._#
#....F..._# #_......._#
###.........###
#⌠...........⌠#
######.8)...[....8.######


You could see a six-headed hydra (summoned), a goliath frog and a witch
(confused).

Vanquished Creatures
  2 wolves (D)
  A phantom (D)
  3 necrophages (D)
  A hound (D)
  A gnoll bouda (D)
  Terence (D)
  An adder (D)
  2 gnolls (D)
  An adder skeleton (D)
  2 endoplasms (D)
  A ball python (D)
  8 kobolds (D)
24 creatures vanquished.

Notes
Turn   | Place    | Note
-------+----------+-------------------------------------------
     0 | D        | rocky1 the Formicid Earth Elementalist began the quest for
                  | the Orb.
     0 | D        | Reached XP level 1. HP: 13/13 MP: 3/3
     3 | D        | Found a shimmering altar of Xom.
     3 | D        | Found an ancient bone altar of Kikubaaqudgha.
     4 | D        | Found a burning altar of Makhleb.
     5 | D        | Found a stormy altar of Qazlal.
     5 | D        | Found a corrupted altar of Lugonu.
     5 | D        | Round 1.
     6 | D        | Found Osadik's Identification Station.
     6 | D        | Found Acypp's Timeless Talismans.
     7 | D        | Found Azxiaf's Advanced Armour.
     7 | D        | Found Vymahin's Jewellery.
    16 | D        | Found an iron altar of Okawaru.
    23 | D        | Reached skill level 4 in Earth Magic
    24 | D        | Found a basalt altar of Yredelemnul.
    25 | D        | Found Guwur's Magic Scroll Shop.
    27 | D        | Found a glowing silver altar of Zin.
    27 | D        | Found a hide-covered altar of Uskayaw.
    27 | D        | Found a blossoming altar of Fedhas.
    27 | D        | Found Laceton's Staff Store.
    28 | D        | Found Kiofai Gaji's Magic Scroll Shop.
    28 | D        | Found Gineukhli's Must-Have Magic.
    32 | D        | Found an opulent altar of Gozag.
    33 | D        | Found a glowing golden altar of the Shining One.
    34 | D        | Found a radiant altar of Vehumet.
    36 | D        | Found Yreor's Distillery.
    37 | D        | Found Duulew's Distillery.
    37 | D        | Found Kaforph's Bottled Wisdom.
    41 | D        | Became a worshipper of Gozag Ym Sagoz the Greedy
    42 | D        | Found a sacrificial altar of Ru.
    42 | D        | Found a snail-covered altar of Cheibriados.
    42 | D        | Found a bloodstained altar of Trog.
    42 | D        | Found Goess's Do-It-Yourself Clinic.
    46 | D        | Found a shimmering blue altar of Sif Muna.
    48 | D        | Found an ornate altar of the Wu Jian Council.
    53 | D        | Found Ibrosuos's Weapon Rack.
    54 | D        | Found a shadowy altar of Dithmenos.
    54 | D        | Found Jokkor's Premium Goods.
    56 | D        | Found Ganulom's Basic Armour.
    56 | D        | Found Noazewui's Miscellaneous Merchandise.
    65 | D        | Reached skill level 5 in Earth Magic
    65 | D        | Reached XP level 2. HP: 19/19 MP: 1/5
   106 | D        | Noticed Terence
   111 | D        | Killed Terence
   111 | D        | Arena points: 14 (+14) [x2]
   112 | D        | Reached skill level 7 in Earth Magic
   112 | D        | Reached XP level 3. HP: 24/24 MP: 2/8
   146 | D        | Round 2.
   150 | D        | Noticed a necrophage
   155 | D        | Killed a necrophage
   156 | D        | Reached skill level 5 in Spellcasting
   156 | D        | Reached skill level 9 in Earth Magic
   156 | D        | Reached XP level 4. HP: 30/30 MP: 4/11
   156 | D        | Reached XP level 5. HP: 35/35 MP: 4/12
   205 | D        | Noticed a phantom
   208 | D        | Reached skill level 10 in Earth Magic
   208 | D        | Reached skill level 1 in Evocations
   211 | D        | Killed a phantom
   212 | D        | Reached skill level 11 in Earth Magic
   212 | D        | Reached XP level 6. HP: 41/41 MP: 6/15
   281 | D        | Reached skill level 1 in Fighting
   281 | D        | Arena points: 50 (+36) [x3]
   313 | D        | Bought a staff of earth for 750 gold pieces
   342 | D        | Round 3.
   356 | D        | Reached skill level 12 in Earth Magic
   365 | D        | Noticed a wolf
   368 | D        | Killed a wolf
   369 | D        | Reached XP level 7. HP: 52/52 MP: 14/18
   456 | D        | Arena points: 134 (+84) [x4]
   457 | D        | Reached skill level 13 in Earth Magic
   517 | D        | Round 4.
   631 | D        | Arena points: 294 (+160) [x5]
   670 | D        | Bought a potion of curing for 45 gold pieces
   670 | D        | Bought a potion of curing for 45 gold pieces
   699 | D        | Round 5.
   702 | D        | Noticed a witch
   706 | D        | Noticed a four-headed hydra
   709 | D        | Noticed a six-headed hydra
   709 | D        | Noticed a goliath frog
   714 | D        | Slain by a six-headed hydra

Illustrated notes

Levels and vault maps discovered:
D:        arena_sprint

Skill      XL: |  1  2  3  4  5  6  7 |
---------------+----------------------+-----
Earth Magic    | 5 7 9 11 12 13 | 13.0
Dodging        | 2 3 |  3.8
Spellcasting   | 3 5 6 8 |  8.6
Evocations     | 1 2 |  2.0
Transmutations | 2 |  2.0
Fighting       | 3 4 |  4.2
Staves         | 2 |  2.9
Stealth        | |  2.4

Action                     |  1- 3 |  4- 6 |  7- 9 || total
---------------------------+-------+-------+-------++-------
   Cast: Sandblast         |     9 |    14 |    18 ||    41
  Evoke: Wand              |     2 |       |       ||     2
    Use: Scroll            |     1 |       |       ||     1
         Potion            |       |       |     1 ||     1
 Armour: Robe              |       |     1 |    15 ||    16
  Dodge: Dodged            |     1 |     1 |     7 ||     9

Table legend: (Time is in decaauts)
 A = Elapsed time spent in this place.
 B = Non-inter-level travel time spent in this place.
 C = Inter-level travel time spent in this place.
 D = Time resting spent in this place.
 E = Time spent auto-exploring this place.
 F = Levels seen in this place.
 G = Mean time per level.
                   A        B        C        D        E       F      G
               +--------+--------+--------+--------+--------+-----+--------+
         Total |    733 |    733 |      0 |    191 |     62 |   1 |  733.0 |
       Dungeon |    733 |    733 |      0 |    191 |     62 |   1 |  733.0 |
               +--------+--------+--------+--------+--------+-----+--------+

Top non-repeatable levels by time:
       D: 733 daAuts
